 Seeded DCSS version 0.27-a0-1579-g97d2440184 (webtiles) character file.

Game seed: 406219951808 (custom seed)

1035 Sopht the Slasher (level 8, -5/48 HPs)
             Began as a Tengu Berserker on July 17, 2021.
             Was a Believer of Trog.
             Blown up by a gnoll (9 damage)
             ... with a mindburst bolt
             ... on level 6 of the Dungeon.
             The game lasted 00:29:57 (6029 turns).

Sopht the Slasher (Tengu Berserker)                 Turns: 6029, Time: 00:29:57

Health: -5/48      AC:  4    Str: 19    XL:     8   Next: 24%
Magic:  0/9        EV: 20    Int:  8    God:    Trog [**....]
Gold:   161        SH:  0    Dex: 14    Spells: 7/7 levels left

rFire    . . .     SeeInvis .   l - +4 falchion (freeze)
rCold    . . .     Faith    .   (no shield)
rNeg     . . .     Spirit   +   d - +0 leather armour
rPois    +         Reflect  .   (helmet restricted)
rElec    .         Harm     .   m - +0 cloak
rCorr    .         Rampage  .   (no gloves)
Will     .....                  (boots unavailable)
Stlth    ++........             x - amulet of guardian spirit
HPRegen  0.16/turn              f - ring of poison resistance
MPRegen  0.11/turn              b - +4 ring of evasion

@: about to teleport, flying quickly and evasively, quick
A: beak, talons 3, nimble flight
a: Renounce Religion, Berserk, Trog's Hand


You were on level 6 of the Dungeon.
You worshipped Trog.
Trog was pleased with you.
You visited 1 branch of the dungeon, and saw 6 of its levels.

You collected 347 gold pieces.
You spent 186 gold pieces at shops.

Inventory:

Hand Weapons
 l - a +4 falchion of freezing (weapon)
Missiles
 c - a silver boomerang (quivered)
 i - 8 boomerangs
 j - 3 javelins
 v - 6 atropa-tipped darts
Armour
 d - a +0 leather armour (worn)
 m - a +0 cloak (worn)
Jewellery
 b - a +4 ring of evasion (right hand)
 f - a ring of poison resistance (left hand)
 h - a ring of resist corrosion
 q - a ring of flight
 x - an amulet of guardian spirit (around neck)
Wands
 n - a wand of digging (5)
 u - a wand of polymorph (7)
Scrolls
 g - a scroll of silence {unknown}
 k - 3 scrolls of noise
 r - a scroll of vulnerability
 w - a scroll of identify
Potions
 a - a potion of attraction
 e - a potion of might
 o - a potion of haste
 p - 4 potions of lignification
 t - a potion of ambrosia


   Skills:
 + Level 4.6 Fighting
 + Level 7.3 Long Blades
 + Level 2.1 Throwing
 + Level 3.8 Armour
 + Level 4.8 Dodging
 + Level 2.8 Stealth


You had 7 spell levels left.
You didn't know any spells.
Your spell library was empty.

Dungeon Overview and Level Annotations

Branches:
Dungeon (6/15)             Temple (0/1) D:5

Altars:
Trog
Vehumet

Shops:
D:2 (

Annotations:
D:5 exclusion: statue


Innate Abilities, Weirdness & Mutations

You have a beak for a mouth.
You have claws for feet.
Your magical nature lets you fly swiftly and evasively.


Message History

The gnoll hits you with a +0 halberd!
You barely miss the gnoll. Your kick misses the gnoll.
Your peck misses the gnoll.
The gnoll is lightly wounded.
The gnoll completely misses you.
You closely miss the gnoll. Your kick misses the gnoll.
Your peck misses the gnoll.
The gnoll is lightly wounded.
The gnoll misses you.
You riposte.
You hit the gnoll. You freeze the gnoll. You claw the gnoll, but do no damage.
You peck the gnoll.
The gnoll is heavily wounded.
You slash the gnoll! You freeze the gnoll.
You kill the gnoll!
Trog accepts your kill.
A gnoll comes into view. It is wielding a +0 club.
A gnoll shaman comes into view. It is wielding a +0 club.
Things that are here:
a +0 halberd; 10 gold pieces; a gnoll corpse You see here a +2 halberd of protection.
The gnoll shaman shouts!
You hear a shout!
The gnoll shaman calls down the wrath of its god upon you.
You resist with some effort.
You hear a shout!
You see here a +2 halberd of protection.
You slash the gnoll shaman! You freeze the gnoll shaman.
Your kick misses the gnoll shaman. Your peck misses the gnoll shaman.
The gnoll shaman is severely wounded.
The gnoll shaman hits you with a +0 club.
You hit the gnoll shaman. You freeze the gnoll shaman.
You kill the gnoll shaman!
Trog accepts your kill.
A gnoll comes into view.
It is wielding a +0 flail and carrying a wand of mindburst (16).
The gnoll shouts! x2
The gnoll zaps a wand.
Your mind is blasted!
* * * LOW HITPOINT WARNING * * *
Items here: $ )) [ †.
Okay, then.
As you read the scroll of teleportation, it crumbles to dust.
You feel strangely unstable.
The gnoll zaps a wand.
Your mind is blasted!
You die...

#+# #.####
#.#.. ##.#.#
##....#####
###.#..........
....g.........#
###.###@#.###..
#)# # #.# #.#
#.# #.#
########.#
##........#
#.######..#


You could see a gnoll.

Vanquished Creatures
  A water moccasin (D:6)
  An ice beast (D:6)
  2 ogres
  2 water moccasin zombies (D:5)
  4 jellies
  An orc priest (D:3)
  A gnoll shaman (D:6)
  A centaur skeleton (D:6)
  An iguana (D:6)
  2 orc wizards
  A killer bee zombie (D:5)
  A hound skeleton (D:5)
  6 gnolls
  9 adders
  2 ufetubi
  4 worms
  2 dart slugs
  11 orcs
  6 endoplasms
  4 giant cockroaches
  6 goblins
  5 hobgoblins (D:1)
  7 jackals (D:1)
  A quokka (D:1)
  5 ball pythons (D:1)
  5 bats (D:1)
  3 frilled lizards
  7 kobolds
  6 rats
107 creatures vanquished.

Notes
Turn   | Place    | Note
-------+----------+-------------------------------------------
     0 | D:1      | Sopht the Tengu Berserker began the quest for the Orb.
     0 | D:1      | Reached XP level 1. HP: 14/14 MP: 2/2
    54 | D:1      | Reached XP level 2. HP: 13/19 MP: 3/3
   591 | D:1      | Reached XP level 3. HP: 20/23 MP: 4/4
   605 | D:1      | Reached ** piety under Trog
  1030 | D:1      | Reached skill level 4 in Long Blades
  1723 | D:2      | Reached XP level 4. HP: 28/28 MP: 5/5
  1876 | D:2      | Found a faded altar of an unknown god.
  1956 | D:2      | Found Poimn's Antique Weapon Shop.
  2826 | D:3      | Reached skill level 1 in Throwing
  2826 | D:3      | Gained mutation: Your magical nature lets you fly swiftly
                  | and evasively. [Tengu growth]
  2826 | D:3      | Reached XP level 5. HP: 17/33 MP: 6/6
  3245 | D:3      | Reached skill level 1 in Stealth
  3292 | D:3      | Reached skill level 5 in Long Blades
  3734 | D:4      | Reached XP level 6. HP: 36/38 MP: 7/7
  3890 | D:2      | Bought a runed falchion for 186 gold pieces
  4329 | D:5      | Entered Level 5 of the Dungeon
  4413 | D:5      | Found a staircase to the Ecumenical Temple.
  4475 | D:5      | Found a bloodstained altar of Trog.
  4630 | D:5      | Reached XP level 7. HP: 36/43 MP: 8/8
  4702 | D:5      | Found a radiant altar of Vehumet.
  4855 | D:5      | Reached skill level 6 in Long Blades
  5565 | D:6      | Reached XP level 8. HP: 37/48 MP: 4/9
  5589 | D:6      | Reached skill level 7 in Long Blades
  6029 | D:6      | Blown up by a gnoll

Illustrated notes

Levels and vault maps discovered:
D:1:      amcnicky_arrival_wind_blow, layout_basic
D:2:      layout_basic, hellmonk_ecumenical_altar_blasted, serial_shops,
          nicolae_shop_overgrown_old_shop, mrwooster_statue_mirror
D:3:      layout_basic, chequers_mini_garden
D:4:      layout_rooms
D:5:      layout_loops_ring, bloody_trog, vehumet_statue,
          minmay_temple_entry_junction, chequers_serial_rivers_micro_c,
          grunt_ministairs_2, kennysheep_generic_room_2
D:6:      layout_loops_corners, patterned_corridor

Skill      XL: |  1  2  3  4  5  6  7  8 |
---------------+-------------------------+-----
Long Blades    | 4 5 6 7 |  7.3
Throwing       | 1 2 |  2.1
Dodging        | 3 4 |  4.8
Stealth        | 1 2 |  2.8
Fighting       | 4 |  4.6
Armour         | 3 |  3.8

Action                   |  1- 3 |  4- 6 |  7- 9 || total
-------------------------+-------+-------+-------++-------
Melee: Falchion          |    78 |   110 |    40 ||   228
       Kick              |    15 |    29 |    21 ||    65
       Peck              |    10 |    23 |     6 ||    39
Throw: Boomerang         |     9 |       |     3 ||    12
       Javelin           |       |       |     8 ||     8
Invok: Trog's Hand       |     2 |     5 |     2 ||     9
       Berserk           |     1 |     4 |     2 ||     7
  Use: Potion            |       |     1 |       ||     1
       Scroll            |       |     7 |     1 ||     8
 Stab: Sleeping          |     1 |     1 |       ||     2
Armor: Animal skin       |    10 |     5 |       ||    15
       Leather armour    |       |     8 |     1 ||     9
Dodge: Dodged            |    66 |    68 |    37 ||   171
       Rpst.: Falchion   |    18 |    16 |    14 ||    48

Table legend: (Time is in decaauts)
 A = Elapsed time spent in this place.
 B = Non-inter-level travel time spent in this place.
 C = Inter-level travel time spent in this place.
 D = Time resting spent in this place.
 E = Time spent auto-exploring this place.
 F = Levels seen in this place.
 G = Mean time per level.
                   A        B        C        D        E       F      G
               +--------+--------+--------+--------+--------+-----+--------+
         Total |   5822 |   5770 |     52 |      0 |   2262 |   6 |  970.3 |
       Dungeon |   5822 |   5770 |     52 |      0 |   2262 |   6 |  970.3 |
               +--------+--------+--------+--------+--------+-----+--------+

Top non-repeatable levels by time:
     D:2: 1567 daAuts
     D:1: 1225 daAuts
     D:3: 963 daAuts
     D:5: 915 daAuts
     D:6: 669 daAuts
     D:4: 481 daAuts
